 Dungeon Crawl Stone Soup version 0.30-a0-166-g5d06c95188 (webtiles) character file.

Game seed: 17259351209021274669

182 qw the Shield-Bearer (level 5, 0/32 HPs)
             Began as a Gargoyle Fighter on Sept 29, 2022.
             Slain by Grinder (2 damage)
             ... on level 3 of the Dungeon.
             The game lasted 00:01:00 (3265 turns).

qw the Shield-Bearer (Gargoyle Fighter)             Turns: 3265, Time: 00:01:00

Health: 0/32       AC: 10    Str: 18 (21) XL:     5   Next: 62%
Magic:  5/5        EV:  7    Int:  6 (9)  God:
Gold:   163        SH:  7    Dex:  6 (9)  Spells: 4/4 levels left

rFire   . . .      SeeInvis .    Y - +0 war axe
rCold   . . .      Faith    .    n - +0 kite shield
rNeg    + . .      Spirit   .    b - +0 scale mail
rPois   inf        Reflect  .    (no helmet)
rElec   +          Harm     .    (no cloak)
rCorr   .          Rampage  .    (no gloves)
Will    .....                    (no boots)
Stlth   ..........               (no amulet)
HPRegen 0.10/turn                (no ring)
MPRegen 0.09/turn                (no ring)

@: no status effects
A: sickness immunity, AC +4, negative energy resistance 1, electricity
resistance, torment resistance 1, petrification resistance
a: no special abilities


You were on level 3 of the Dungeon.
You visited 1 branch of the dungeon, and saw 3 of its levels.

You collected 163 gold pieces.


Innate Abilities, Weirdness & Mutations

You are immune to sickness and miasma.
Your stone body is resilient. (AC +4)
You are immune to poison.
You resist negative energy. (rN+)
You are resistant to electric shocks. (rElec)
You are resistant to unholy torment.
You are immune to petrification.


   Skills:
 - Level 3.2 Fighting
 - Level 4.0 Axes
 - Level 1.0 Throwing
 - Level 3.2 Armour
 + Level 4.8 Shields


You had 4 spell levels left.
You didn't know any spells.
Your spell library was empty.

Inventory:

Hand Weapons
 e - a +2 whip of electrocution
 Y - a +0 war axe (weapon)
Armour
 b - a +0 scale mail (worn)
 h - a +3 leather armour of fire resistance
 n - a +0 kite shield (worn)
 r - a +0 cloak
Jewellery
 g - a +4 ring of slaying {mikee}
Scrolls
 a - a scroll of amnesia {unknown}
 f - 2 scrolls of identify
 t - a scroll of teleportation {unknown}
Potions
 c - a potion of lignification {unknown}
 d - a potion of might
 j - 2 potions of curing {unknown}
 k - a potion of attraction {unknown}
 l - a potion of berserk rage {unknown}
 o - a potion of mutation {unknown}
 p - 2 potions of flight {unknown}
 q - a potion of brilliance {unknown}
 s - a potion of cancellation {unknown}

Dungeon Overview and Level Annotations

Branches:
Dungeon (3/15)

Altars:

Shops:
D:1 :   D:2 :

Annotations:
D:2 1 runed translucent door, Crazy Yiuf
D:3 Grinder


Message History

Grinder is heavily wounded.
Grinder gestures at you. Pain shoots through your body!
You block Grinder's attack.
You slash Grinder!
Grinder is severely wounded.
Grinder hits you but does no damage.
You closely miss Grinder.
Grinder is severely wounded.
Grinder blinks! x2
Grinder hits you.
You writhe in agony.
You see here a silver javelin.
You barely miss Grinder.
Grinder is severely wounded.
Grinder gestures at you.
You suddenly lose the ability to move!
Grinder hits you but does no damage. Grinder hits you.
You writhe in agony.
You can move again.
You closely miss Grinder.
Grinder is severely wounded.
Grinder gestures at you. Pain shoots through your body!
Grinder gestures at you.
You barely resist. You hit Grinder.
Grinder is severely wounded.
Grinder blinks!
You barely miss Grinder.
Grinder is severely wounded.
Grinder hits you but does no damage.
You barely miss Grinder.
Grinder is severely wounded.
Grinder completely misses you. Grinder closely misses you.
You closely miss Grinder.
Grinder is severely wounded.
Grinder completely misses you.
You slash Grinder!
Grinder is almost dead.
Grinder hits you.
You writhe in agony.
Grinder hits you.
You writhe in agony.
You die...

#.####......#
#.##...##.###
#....####%#
####### #.# #
...... #.# #
......##.# #
#
.........##.#
#
####......!#
# #...@.### #
#...5.# #
#.....#
##....#
#....# #....#
######


You could see Grinder.

Vanquished Creatures
  Natasha (thrice) (D:2)
  3 adders
  A worm (D:2)
  5 dart slugs
  An orc (D:3)
  7 ball pythons
  9 bats
  4 endoplasms
  4 giant cockroaches
  7 hobgoblins
  8 kobolds
  3 quokkas (D:1)
  3 frilled lizards
  3 goblins
  6 rats
67 creatures vanquished.

Vanquished Creatures (others)
  2 fungi (D:2)
2 creatures vanquished.

Grand Total: 69 creatures vanquished

Notes
Turn   | Place    | Note
-------+----------+-------------------------------------------
     0 | D:1      | qw the Gargoyle Fighter began the quest for the Orb.
     0 | D:1      | Reached XP level 1. HP: 14/14 MP: 1/1
     0 | D:1      | 0 ||| qw: Version: 0.2-a-12-gaebbb33
     0 | D:1      | 0 ||| qw: Game counter: 1045
     0 | D:1      | 0 ||| qw: Always use a shield: true
     0 | D:1      | 0 ||| qw: God list: Okawaru
     0 | D:1      | 0 ||| qw: Allow faded altars: false
     0 | D:1      | 0 ||| qw: Do Orc after D:15 true
     0 | D:1      | 0 ||| qw: Do second Lair branch before Depths: true
     0 | D:1      | 0 ||| qw: Lair rune preference: random
     0 | D:1      | 0 ||| qw: Plans: Normal, Zot:1-4, God:TSO, Crypt, Tomb,
                  | Pan, Slime:5, Hells, Abyss, Orb
     0 | D:1      | 0 ||| PLANNING D:1-11
    24 | D:1      | 24 ||| Stepping ~*~*~tactically~*~*~ (stealth).
    32 | D:1      | 32 ||| Stepping ~*~*~tactically~*~*~ (hiding).
    35 | D:1      | 35 ||| Stepping ~*~*~tactically~*~*~ (hiding).
    49 | D:1      | Reached XP level 2. HP: 18/19 MP: 2/2
    94 | D:1      | 94 ||| Stepping ~*~*~tactically~*~*~ (stealth).
   105 | D:1      | 105 ||| Stepping ~*~*~tactically~*~*~ (stealth).
   107 | D:1      | 107 ||| Stepping ~*~*~tactically~*~*~ (stealth).
   116 | D:1      | 116 ||| Stepping ~*~*~tactically~*~*~ (stealth).
   117 | D:1      | 117 ||| Stepping ~*~*~tactically~*~*~ (stealth).
   235 | D:1      | 235 ||| DROPPING +0 club.
   393 | D:1      | Reached skill level 3 in Axes
   672 | D:1      | Found Coenaggimuo's Book Boutique.
   679 | D:1      | Reached XP level 3. HP: 23/23 MP: 3/3
   855 | D:1      | 855 ||| UPGRADING to +0 kite shield.
   865 | D:1      | 865 ||| DROPPING +0 buckler.
   866 | D:1      | 866 ||| DROPPING +3 leather armour.
   867 | D:1      | 867 ||| READING scroll labelled LUUMAQ BENUBO.
   868 | D:1      | 868 ||| READING 2 scrolls labelled LOGOTU CEMAEMEPU.
   869 | D:1      | 869 ||| READING scroll labelled HASHREL CISEUC.
   870 | D:1      | 870 ||| READING scroll labelled CUARYUP JUPISA.
  1036 | D:2      | Reached skill level 1 in Throwing
  1064 | D:2      | 1064 ||| Stepping ~*~*~tactically~*~*~ (hiding).
  1074 | D:2      | 1074 ||| Stepping ~*~*~tactically~*~*~ (stealth).
  1150 | D:2      | Noticed Natasha
  1159 | D:2      | Killed Natasha
  1160 | D:2      | Reached XP level 4. HP: 10/28 MP: 4/4
  1346 | D:2      | 1346 ||| DROPPING +0 whip.
  1367 | D:2      | Found a faded altar of an unknown god.
  1413 | D:2      | 1413 ||| FLEEEEING.
  1510 | D:2      | 1510 ||| Stepping ~*~*~tactically~*~*~ (stealth).
  1611 | D:2      | Found Duireff's Book Boutique.
  1734 | D:2      | 1734 ||| Stepping ~*~*~tactically~*~*~ (stealth).
  1736 | D:2      | 1736 ||| Stepping ~*~*~tactically~*~*~ (stealth).
  1737 | D:2      | 1737 ||| Stepping ~*~*~tactically~*~*~ (stealth).
  1738 | D:2      | 1738 ||| Stepping ~*~*~tactically~*~*~ (stealth).
  1842 | D:2      | 1842 ||| Stepping ~*~*~tactically~*~*~ (stealth).
  1918 | D:2      | Noticed Natasha
  1926 | D:2      | Killed Natasha
  1927 | D:2      | Reached XP level 5. HP: 29/32 MP: 5/5
  1959 | D:2      | Noticed Natasha
  1960 | D:2      | 1960 ||| Stepping ~*~*~tactically~*~*~ (stealth).
  1963 | D:2      | 1963 ||| Stepping ~*~*~tactically~*~*~ (stealth).
  1966 | D:2      | 1966 ||| Stepping ~*~*~tactically~*~*~ (stealth).
  1974 | D:2      | Killed Natasha
  2055 | D:2      | Found a runed translucent door.
  2056 | D:2      | Noticed Crazy Yiuf
  2186 | D:2      | 2186 ||| DROPPING amulet of faith.
  2187 | D:2      | 2187 ||| READING scroll labelled GANGOM DIXT.
  2188 | D:2      | 2188 ||| READING scroll labelled VUTAFU PYRUFF.
  2189 | D:2      | 2189 ||| DRINKING 3 fuming silvery potions.
  2190 | D:2      | 2190 ||| DRINKING 2 bubbling golden potions.
  2191 | D:2      | 2191 ||| READING 2 scrolls of identify.
  2191 | D:2      | 2191 ||| IDENTIFYING glowing ruby potion
  2192 | D:2      | 2192 ||| DROPPING potion of magic.
  2193 | D:2      | 2193 ||| DROPPING 2 potions of degeneration.
  2357 | D:3      | 2357 ||| Stepping ~*~*~tactically~*~*~ (hiding).
  2475 | D:3      | 2475 ||| Stepping ~*~*~tactically~*~*~ (stealth).
  2780 | D:3      | 2780 ||| Stepping ~*~*~tactically~*~*~ (hiding).
  2781 | D:3      | 2781 ||| Stepping ~*~*~tactically~*~*~ (hiding).
  3236 | D:3      | Noticed Grinder
  3243 | D:3      | HP: 8/32 [Grinder (2)]
  3244 | D:3      | 3244 ||| DRINKING potion of heal wounds.
  3257 | D:3      | Paralysed by Grinder for 3 turns
  3260 | D:3      | HP: 4/32 [Grinder/nerve-wracking pain (5)]
  3265 | D:3      | HP: 4/32 [Grinder (1)]
  3265 | D:3      | Slain by Grinder

Levels and vault maps discovered:
D:1:      dpeg_arrival_simpleton_b, layout_loops_ring, serial_shops, shop,
          st_stairs_9
D:2:      layout_loops_cross, basic_ecumenical_altar, serial_shops,
          nicolae_shop_behind_doors, minmay_distorted, uniq_crazy_yiuf_cottage,
          uniq_natasha
D:3:      layout_basic, uniq_grinder

Skill      XL: |  1  2  3  4  5 |
---------------+----------------+-----
Axes           | 2 3 4 |  4.0
Throwing       | 1 |  1.0
Shields        | 4 |  4.8
Fighting       | |  3.2
Armour         | |  3.2

Action                   |  1- 3 |  4- 6 || total
-------------------------+-------+-------++-------
Melee: War axe           |    78 |   115 ||   193
Throw: Javelin           |    14 |    15 ||    29
  Use: Scroll            |     4 |     3 ||     7
       Potion            |       |     3 ||     3
Armor: Scale mail        |    36 |    47 ||    83
Dodge: Dodged            |    37 |    42 ||    79
Block: Buckler           |     9 |       ||     9
       Kite shield       |     4 |    45 ||    49

Table legend:
 A = Non-vault XP
 B = Vault XP
 C = Vault XP percentage of total XP
 D = Non-vault monster count
 E = Vault monster count
 F = Vault count percentage of total count
                 A         B        C        D         E       F
            +---------+---------+-------+---------+---------+-------
      Total |     216 |      45 |  17.2 |      62 |       5 |   7.5
            +---------+---------+-------+---------+---------+-------
        D:1 |      40 |       3 |   7.0 |      20 |       2 |   9.1
        D:2 |     129 |      42 |  24.6 |      23 |       3 |  11.5
        D:3 |      47 |       0 |   0.0 |      19 |       0 |   0.0
            +---------+---------+-------+---------+---------+-------
